 Dungeon Crawl Stone Soup version 0.30-a0-229-g2dd1c91445 (webtiles) character file.

Game seed: 13740300160459766174

149538 qw the Tortoise (level 17, -9/111 HPs)
             Began as a Gargoyle Fighter on Oct 9, 2022.
             Was a High Priest of Okawaru.
             Mangled by a manticore (16 damage)
             ... summoned by Kirke
             ... on level 1 of the Shoals.
             The game lasted 00:14:04 (25795 turns).

qw the Tortoise (Gargoyle Fighter)                 Turns: 25795, Time: 00:14:04

Health: -9/111     AC:  0    Str: 28    XL:     17   Next: 51%
Magic:  22/24      EV: 16    Int:  9    God:    Okawaru [*****.]
Gold:   1304       SH:  0    Dex:  9    Spells: 16/16 levels left

rFire   . . .      SeeInvis .      - Unarmed
rCold   . . .      Faith    .    (shield currently unavailable)
rNeg    + . .      Spirit   .    (body armour currently unavailable)
rPois   inf        Reflect  .    (helmet currently unavailable)
rElec   .          Harm     .    (cloak currently unavailable)
rCorr   .          Rampage  .    (gloves currently unavailable)
Will    +....                    (boots currently unavailable)
Stlth   ++........               (no amulet)
HPRegen 0.38/turn                (ring currently unavailable)
MPRegen 0.19/turn                (ring currently unavailable)

@: about to teleport, pig-form, heroic, mesmerised, slowed, very slow
A: fast, no casting, sickness immunity, AC +12, small, (big wings), negative
energy resistance 1, (electricity resistance), torment resistance 1,
petrification resistance
a: Renounce Religion, Heroism, Finesse, Duel


You were on level 1 of the Shoals.
You worshipped Okawaru.
Okawaru was extremely pleased with you.
You were a filthy swine.
You visited 6 branches of the dungeon, and saw 27 of its levels.
You also visited: Ossuary.

You collected 2699 gold pieces.
You spent 1395 gold pieces at shops.


Innate Abilities, Weirdness & Mutations

You are a filthy swine.
You move quickly.
Your equipment is almost entirely melded.
You are incapable of wielding weapons or throwing items.
You cannot cast spells.
You are immune to sickness and miasma.
((Your stone body is resilient. (AC +12)))
You are immune to poison.
((Your large and strong wings let you fly.))
You resist negative energy. (rN+)
((You are resistant to electric shocks. (rElec)))
You are resistant to unholy torment.
You are immune to petrification.


   Skills:
 - Level 14.0(19.0) Fighting
 - Level 16.0(21.0) Axes
 + Level 6.1(11.1) Throwing
 - Level 17.4(22.4) Armour
 - Level 3.2(8.2) Dodging
 - Level 14.0(19.0) Shields
 - Level 10.0 Invocations


You had 16 spell levels left.
You didn't know any spells.
Your spell library was empty.

Inventory:

Hand Weapons
 j - a +0 broad axe
 p - a +6 vampiric war axe (melded)
 B - a +0 morningstar
Missiles
 g - 2 silver boomerangs
 m - 2 javelins
 u - 6 silver javelins
 v - 2 boomerangs of dispersal
Armour
 a - a +3 crystal plate armour (melded)
 c - a +0 kite shield (melded)
 e - a +2 pair of gloves (melded)
 i - a +2 pair of boots (melded)
 r - a +2 helmet (melded)
 x - the +1 cloak of Petor (melded) {Rampage rPois Will+ Stlth-}
   (Okawaru gifted it to you on level 1 of the Lair of Beasts)

   rPois:     It protects you from poison.
   Rampage:   It bestows one free step when moving towards enemies.
   Will:      It increases your willpower.
   Stlth:     It makes you less stealthy.
 C - the +1 plate armour of Valour {rElec rF+ rCorr Slay+2}
   (You bought it in a shop on level 10 of the Dungeon)

   Slay:      It affects your accuracy & damage with ranged weapons and melee
   (+2).
   rF:        It protects you from fire.
   rElec:     It insulates you from electricity.
   rCorr:     It protects you from acid and corrosion.
Jewellery
 n - a +4 ring of protection (melded)
 s - a ring of see invisible (melded)
 w - a ring of protection from fire
 Y - a +6 ring of strength
Scrolls
 b - a scroll of brand weapon
 h - 18 scrolls of identify
 k - 7 scrolls of teleportation
Potions
 d - 3 potions of might
 f - 7 potions of mutation
 l - 8 potions of lignification
 o - 11 potions of curing
 q - 7 potions of attraction
 t - 2 potions of resistance
 z - 4 potions of haste

Dungeon Overview and Level Annotations

Branches:
Dungeon (15/15)            Temple (1/1) D:6            Lair (5/5) D:10
 Shoals (1/4) Lair:3       Spider (3/4) Lair:2        Slime (0/5) Lair:5
    Orc (2/2) D:9             Elf (0/3) Orc:2        Vaults (0/5) D:13
 Depths (0/4) D:15        Ossuary (visited)

Altars:
Ashenzari
Cheibriados
Dithmenos
Elyvilon
Fedhas
Gozag
Hepliaklqana
Kikubaaqudgha
Makhleb
Nemelex Xobeh
Okawaru
Qazlal
Ru
Sif Muna
Trog
Uskayaw
Vehumet
Wu Jian
Xom
Yredelemnul
Zin
The Shining One
Jiyva

Shops:
D:3 [   D:7 *   D:13 (   Orc:2 :([*(   Shoals:1 *

Annotations:
D:15 2 runed translucent doors, AyAyRon's ghost, adept DsFi
Shoals:1 3 runed translucent doors, Kirke; qw's ghost, adept GrFi


Message History

The merfolk siren chants its luring song.
You start resting.
The merfolk hits you from afar with a +4 trident of venom.
The merfolk siren chants its luring song.
The merfolk barely misses you.
You start resting.
The merfolk siren chants its luring song.
The merfolk misses you.
The merfolk siren hits you from afar with a +0 spear.
You start resting.
The merfolk hits you from afar with a +4 trident of venom!!
The merfolk siren chants its luring song.
The merfolk hits you from afar with a +4 trident of venom!
You start resting.
The merfolk siren chants its luring song.
The merfolk hits you from afar with a +4 trident of venom!!
The merfolk siren chants its luring song.
You start resting.
You feel like a meek peon again. The merfolk completely misses you.
Kirke casts a spell at you.
You feel a momentary urge to oink.
The merfolk siren chants its luring song.
The merfolk closely misses you.
25794 ||| INVOKING Heroism.
You gain the combat prowess of a mighty hero.
The merfolk siren chants its luring song.
The merfolk barely misses you.
Kirke gestures wildly while chanting.
Kirke summons a manticore!
The merfolk siren hits you from afar with a +0 spear!
25795 ||| READING 8 scrolls of teleportation.
As you read the scroll of teleportation, it crumbles to dust.
You feel strangely unstable.
The merfolk hits you from afar with a +4 trident of venom!!
Kirke points at you and mumbles some strange words.
You resist with significant effort.
The merfolk siren chants its luring song.
The manticore bites you!
You die...

###.........~~~~~~~~~P........#..
..+.)........~~~~~~~~~~......###.
~~#..~~...##.~~~~~~~~~P~.....####
~...~~~...##...~~~~~~~~~P~~..##..
#..~~~~...####..~~~~~~~~..~......
.P~~~~)...# ##P~~~~~~~~PP~....~.
.~P~~~~~..# #mP~~~~~~P~~...~~~.
~~~~PPP~P.# #.P~~~~~~~~.....~~.
~~~~~~~~..# #PhH~~~~~~~~.....~.
~~~PPPP..P# #P~~~~~~~~~......~.
~~PPP~.#### hm~~@h~~~~~......%.#
~~~~PP.# #.~~~h~~~~~~~~..).~)##
~~~~~~... .P.h~~~~~~~~~~.........
~~PP~~......~~~~~P~~~~~~~....~...
~P~P~~~...~~~~.PP~~~~~~~~~..~~...
~PPP~P~~~P~~P~..~~~~~~~~~~~~~~~~~
~~~~~~~~~~~~


You could see Kirke, a merfolk, a manticore (summoned), a merfolk siren
(mesmerising) and 4 hogs.

Vanquished Creatures
  Arachne (Spider:2)
  Gastronok (Lair:2)
  2 emperor scorpions
  A ghost moth (Spider:3)
  An orc warlord (Orc:2)
  A broodmother (Spider:3)
  Azrael (Spider:1)
  A spark wasp (Spider:3)
  Snorg (Lair:5)
  An ettin (D:15)
  4 entropy weavers
  A merfolk impaler (Shoals:1)
  4 vault guards (D:13)
  3 hydras
  5 catoblepae
  An ogre mage (D:15)
  A radroach (Spider:2)
  4 centaur warriors
  9 two-headed ogres
  3 boulder beetles
  2 tengu warriors (D:15)
  15 death yaks
  2 orc high priests (Orc:2)
  Urug (D:10)
  A fire crab (shapeshifter) (D:13)
  3 steelbarb worms
  A sun moth (Spider:2)
  A deep troll (D:15)
  4 skeletal warriors (D:15)
  5 pharaoh ants
  5 orb spiders
  2 wizards
  4 harpies (Shoals:1)
  2 orc knights
  2 deep elf pyromancers
  7 wolf spiders
  24 ugly things
  5 cyclopes
  A moth of wrath (Spider:2)
  5 orc sorcerers
  14 elephants
  2 merfolk sirens (Shoals:1)
  4 manticores
  8 torpor snails
  13 cane toads
  8 black mambas
  A water nymph (Shoals:1)
  6 demonic crawlers
  An efreet (D:14)
  7 komodo dragons
  Maggie (D:8)
  4 rime drakes
  5 kobold demonologists
  4 tengu conjurers
  3 freezing wraiths (D:14)
  7 trolls
  4 meliai
  A merfolk (Shoals:1)
  5 polar bears
  A wolf spider simulacrum (D:14)
  A hornet (Lair:1)
  Prince Ribbit (D:9)
  Grinder (D:3)
  A wind drake (Shoals:1)
  10 tarantellas
  3 slime creatures (D:12)
  12 dream sheep
  4 blink frogs (Lair:1)
  11 jumping spiders
  A shadow (D:9)
  20 culicivoras
  A water elemental (Shoals:1)
  3 wyverns
  A vampire (D:12)
  A wraith (D:12)
  3 fire elementals (Spider:1)
  66 yaks
  3 humans (D:13)
  5 basilisks
  36 redbacks
  3 steam dragons
  6 vampire mosquitoes
  3 acid dragons
  2 hell hounds (Spider:1)
  6 wargs
  30 water moccasins
  24 orc warriors
  A swamp drake (Lair:1)
  9 black bears
  6 ice beasts
  6 ogres
  12 wolves
  11 centaurs
  A phantom (D:5)
  4 kobold brigands
  18 bullfrogs
  3 gnoll sergeants
  2 scorpions
  5 wights (D:8)
  9 killer bees
  4 howler monkeys
  3 electric eels
  2 lava snakes (D:9)
  5 hounds
  4 jellies (Lair:5)
  9 orc priests
  8 iguanas
  Terence (D:2)
  Natasha (thrice) (D:3)
  19 orc wizards
  8 mummies (Ossuary)
  16 gnolls
  23 adders
  3 shadow imps
  6 white imps
  3 ufetubi
  3 worms
  2 dart slugs (D:3)
  51 orcs
  6 bats
  10 endoplasms
  7 giant cockroaches
  12 goblins
  6 hobgoblins
  2 jackals (D:2)
  18 kobolds
  7 quokkas
  10 ball pythons
  4 frilled lizards
  2 hobgoblin zombies (Ossuary)
  5 kobold zombies (Ossuary)
  An orc zombie (Ossuary)
  5 rats
850 creatures vanquished.

Vanquished Creatures (others)
  Nessos (D:12)
  A wizard (D:15)
  2 elephants (Lair:5)
  A dream sheep (Lair:5)
  2 orcs (D:8)
  A kobold (D:13)
  43 fungi
  43 plants
94 creatures vanquished.

Grand Total: 944 creatures vanquished

Notes
Turn   | Place    | Note
-------+----------+-------------------------------------------
     0 | D:1      | qw the Gargoyle Fighter began the quest for the Orb.
     0 | D:1      | Reached XP level 1. HP: 14/14 MP: 1/1
     0 | D:1      | 0 ||| qw: Version: 0.2-a-17-g06abaee
     0 | D:1      | 0 ||| qw: Game counter: 2302
     0 | D:1      | 0 ||| qw: Always use a shield: true
     0 | D:1      | 0 ||| qw: God list: Okawaru
     0 | D:1      | 0 ||| qw: Allow faded altars: false
     0 | D:1      | 0 ||| qw: Do Orc after D:15 true
     0 | D:1      | 0 ||| qw: Do second Lair branch before Depths: true
     0 | D:1      | 0 ||| qw: Lair rune preference: random
     0 | D:1      | 0 ||| qw: Plans: Normal, Zot:1-4, God:TSO, Crypt, Tomb,
                  | Pan, Slime:5, Hells, Abyss, Orb
     0 | D:1      | 0 ||| PLANNING D:1-11
   113 | D:1      | 113 ||| Stepping ~*~*~tactically~*~*~ (stealth).
   118 | D:1      | 118 ||| Stepping ~*~*~tactically~*~*~ (stealth).
   127 | D:1      | Reached XP level 2. HP: 17/19 MP: 2/2
   131 | D:1      | 131 ||| Stepping ~*~*~tactically~*~*~ (stealth).
   414 | D:1      | Reached skill level 3 in Axes
   451 | D:1      | Reached XP level 3. HP: 23/23 MP: 3/3
   468 | D:1      | 468 ||| Stepping ~*~*~tactically~*~*~ (stealth).
   523 | D:1      | 523 ||| DROPPING +0 club.
   776 | D:1      | 776 ||| UPGRADING to +0 pair of boots.
   781 | D:1      | 781 ||| UPGRADING to +0 chain mail.
   791 | D:1      | 791 ||| DROPPING +0 scale mail.
   792 | D:1      | 792 ||| READING scroll labelled VACSEANKIA.
   793 | D:1      | 793 ||| READING scroll labelled UNU QIACEAN.
   794 | D:1      | 794 ||| READING scroll labelled JANESE HOATZ.
   795 | D:1      | 795 ||| READING scroll labelled VAJIKU BEDESE.
   799 | D:1      | 799 ||| READING 2 scrolls labelled YLUATR GOTTIR.
   800 | D:1      | 800 ||| READING scroll labelled BOLUEM YVEY.
   801 | D:1      | 801 ||| DRINKING 2 sedimented blue potions.
   802 | D:1      | 802 ||| DRINKING 2 sedimented golden potions.
   803 | D:1      | 803 ||| DROPPING potion of flight.
   804 | D:1      | 804 ||| DROPPING scroll of butterflies.
   867 | D:2      | 867 ||| Stepping ~*~*~tactically~*~*~ (stealth).
   921 | D:2      | Noticed Terence
   926 | D:2      | 926 ||| Stepping ~*~*~tactically~*~*~ (stealth).
   934 | D:2      | Killed Terence
   935 | D:2      | Reached XP level 4. HP: 14/28 MP: 4/4
  1020 | D:2      | 1020 ||| DROPPING +0 whip.
  1055 | D:2      | 1055 ||| READING scroll of enchant weapon.
  1055 | D:2      | 1055 ||| ENCHANTING +1 war axe.
  1763 | D:2      | 1763 ||| UPGRADING to +2 pair of gloves.
  1768 | D:2      | 1768 ||| UPGRADING to +6 ring of strength.
  1886 | D:3      | Found a faded altar of an unknown god.
  1948 | D:3      | Noticed Natasha
  1949 | D:3      | 1949 ||| Stepping ~*~*~tactically~*~*~ (hiding).
  1951 | D:3      | Noticed Grinder
  1957 | D:3      | Killed Natasha
  1958 | D:3      | Reached XP level 5. HP: 25/32 MP: 5/5
  1967 | D:3      | Paralysed by Grinder for 2 turns
  1971 | D:3      | Killed Grinder
  1972 | D:3      | Reached skill level 6 in Axes
  1972 | D:3      | Reached XP level 6. HP: 14/37 MP: 6/6
  2077 | D:3      | 2077 ||| READING scroll of enchant weapon.
  2077 | D:3      | 2077 ||| ENCHANTING +2 war axe.
  2164 | D:3      | Noticed Natasha
  2167 | D:3      | Killed Natasha
  2231 | D:3      | 2231 ||| DROPPING +1 flail of venom.
  2279 | D:3      | Found Liunn's Antique Armour Boutique.
  2284 | D:3      | 2284 ||| Stepping ~*~*~tactically~*~*~ (stealth).
  2286 | D:3      | 2286 ||| Stepping ~*~*~tactically~*~*~ (stealth).
  2294 | D:3      | 2294 ||| BUYING cloak (90 gold).
  2294 | D:3      | Bought a cloak for 90 gold pieces
  2310 | D:3      | Noticed Natasha
  2312 | D:3      | Killed Natasha
  2481 | D:3      | Found a shimmering blue altar of Sif Muna.
  2485 | D:3      | 2485 ||| UPGRADING to +0 cloak.
  2490 | D:3      | 2490 ||| READING scroll labelled MISTRE RIAQUAQO.
  2491 | D:3      | 2491 ||| READING 4 scrolls of identify.
  2491 | D:3      | 2491 ||| IDENTIFYING fizzy inky potion
  2492 | D:3      | 2492 ||| READING 3 scrolls of identify.
  2492 | D:3      | 2492 ||| IDENTIFYING murky inky potion
  2493 | D:3      | 2493 ||| READING 2 scrolls of identify.
  2493 | D:3      | 2493 ||| IDENTIFYING smoky purple potion
  2581 | D:4      | Reached XP level 7. HP: 43/43 MP: 7/7
  2627 | D:4      | Reached skill level 1 in Dodging
  2744 | D:4      | 2744 ||| Stepping ~*~*~tactically~*~*~ (stealth).
  2746 | D:4      | 2746 ||| Stepping ~*~*~tactically~*~*~ (stealth).
  2759 | D:4      | 2759 ||| FLEEEEING.
  2760 | D:4      | 2760 ||| FLEEEEING.
  2761 | D:4      | 2761 ||| FLEEEEING.
  2764 | D:4      | 2764 ||| FLEEEEING.
  2765 | D:4      | 2765 ||| FLEEEEING.
  2766 | D:4      | 2766 ||| FLEEEEING.
  2767 | D:4      | 2767 ||| FLEEEEING.
  2768 | D:4      | 2768 ||| FLEEEEING.
  2803 | D:4      | 2803 ||| Stepping ~*~*~tactically~*~*~ (stealth).
  2805 | D:4      | 2805 ||| Stepping ~*~*~tactically~*~*~ (hiding).
  2822 | D:4      | 2822 ||| Stepping ~*~*~tactically~*~*~ (stealth).
  2987 | D:4      | 2987 ||| UPGRADING to +1 helmet.
  2992 | D:4      | 2992 ||| READING scroll labelled AHIWKAOT XUSKUAS.
  2993 | D:4      | 2993 ||| DRINKING 3 bubbling black potions.
  3004 | D:5      | Entered Level 5 of the Dungeon
  3016 | D:5      | 3016 ||| Stepping ~*~*~tactically~*~*~ (stealth).
  3095 | D:5      | Noticed a yak
  3106 | D:5      | Killed a yak
  3107 | D:5      | Reached skill level 4 in Armour
  3214 | D:5      | Reached XP level 8. HP: 44/48 MP: 8/8
  3233 | D:5      | Identified the +0 leather armour "Bahainun" {Regen+ Int+4}
  3237 | D:5      | 3237 ||| Stepping ~*~*~tactically~*~*~ (hiding).
  3238 | D:5      | 3238 ||| Stepping ~*~*~tactically~*~*~ (stealth).
  3239 | D:5      | 3239 ||| Stepping ~*~*~tactically~*~*~ (hiding).
  3240 | D:5      | 3240 ||| Stepping ~*~*~tactically~*~*~ (stealth).
  3287 | D:5      | 3287 ||| DROPPING +2 flail of draining.
  3300 | D:5      | 3300 ||| Stepping ~*~*~tactically~*~*~ (stealth).
  3302 | D:5      | 3302 ||| Stepping ~*~*~tactically~*~*~ (stealth).
  3303 | D:5      | 3303 ||| Stepping ~*~*~tactically~*~*~ (stealth).
  3305 | D:5      | 3305 ||| Stepping ~*~*~tactically~*~*~ (stealth).
  3307 | D:5      | 3307 ||| Stepping ~*~*~tactically~*~*~ (hiding).
  3308 | D:5      | 3308 ||| Stepping ~*~*~tactically~*~*~ (hiding).
  3447 | D:5      | Reached skill level 6 in Fighting
  3453 | D:5      | Reached skill level 5 in Armour
  3559 | D:5      | 3559 ||| Stepping ~*~*~tactically~*~*~ (hiding).
  3771 | D:5      | 3771 ||| READING 2 scrolls labelled ONNILI WUROAR.
  3772 | D:5      | 3772 ||| READING scroll labelled OLEFIY NAFEENK.
  3773 | D:5      | 3773 ||| READING 2 scrolls of identify.
  3773 | D:5      | 3773 ||| IDENTIFYING murky sapphire potion
  3774 | D:5      | 3774 ||| DROPPING potion of ambrosia.
  3775 | D:5      | 3775 ||| DROPPING scroll of magic mapping.
  3814 | D:6      | 3814 ||| PLANNING OSSUARY
  3841 | D:6      | 3841 ||| Stepping ~*~*~tactically~*~*~ (stealth).
  3868 | D:6      | Reached XP level 9. HP: 43/55 MP: 9/9
  3930 | D:6      | Reached skill level 9 in Axes
  3930 | D:6      | 3930 ||| DRINKING potion of cancellation.
  3991 | D:6      | 3991 ||| Stepping ~*~*~tactically~*~*~ (hiding).
  4101 | D:6      | Found a staircase to the Ecumenical Temple.
  4112 | D:6      | Identified the +8 hand axe "Zetafeil" {vamp, rElec rN+
                  | Will+}
  4114 | D:6      | 4114 ||| SWAPPING to +8 hand axe "Zetafeil" {vamp, rElec
                  | rN+ Will+}.
  4119 | D:6      | Found a sand-covered staircase.
  4120 | D:6      | 4120 ||| DRINKING 2 dark potions.
  4121 | D:6      | 4121 ||| READING 3 scrolls of identify.
  4121 | D:6      | 4121 ||| IDENTIFYING murky red potion
  4122 | D:6      | 4122 ||| READING 2 scrolls of identify.
  4122 | D:6      | 4122 ||| IDENTIFYING cyan potion
  4123 | D:6      | 4123 ||| DROPPING potion of degeneration.
  4124 | D:6      | 4124 ||| DROPPING potion of invisibility.
  4125 | D:6      | 4125 ||| DROPPING potion of brilliance.
  4131 | Ossuary  | Entered an ossuary
  4321 | Ossuary  | 4321 ||| READING scroll labelled QUIJAEJ WUVAKU.
  4322 | Ossuary  | 4322 ||| READING scroll labelled DIEKHL LIUZAR.
  4323 | Ossuary  | 4323 ||| DRINKING 3 lumpy sapphire potions.
  4324 | Ossuary  | 4324 ||| DRINKING 2 fizzy dark potions.
  4325 | Ossuary  | 4325 ||| READING 2 scrolls of identify.
  4325 | Ossuary  | 4325 ||| IDENTIFYING bubbling golden potion
  4326 | Ossuary  | 4326 ||| DROPPING 2 potions of magic.
  4350 | D:6      | 4350 ||| PLANNING TEMPLE
  4360 | Temple   | Entered the Ecumenical Temple
  4361 | Temple   | 4361 ||| PLANNING OKAWARU WORSHIP
  4729 | Temple   | Became a worshipper of Warmaster Okawaru
  4730 | Temple   | 4730 ||| PLANNING D:1-11
  5269 | D:7      | Reached skill level 1 in Throwing
  5314 | D:7      | Found a basalt altar of Yredelemnul.
  5509 | D:7      | Found a white marble altar of Elyvilon.
  5583 | D:7      | Reached skill level 6 in Armour
  5589 | D:7      | 5589 ||| READING scroll of enchant armour.
  5589 | D:7      | 5589 ||| ENCHANTING +1 helmet.
  5604 | D:7      | Found a hide-covered altar of Uskayaw.
  5672 | D:7      | Found Guggace's Serpentskin Sales.
  6016 | D:8      | Noticed a two-headed ogre
  6024 | D:8      | Killed a two-headed ogre
  6024 | D:8      | Reached * piety under Okawaru
  6024 | D:8      | Reached ** piety under Okawaru
  6025 | D:8      | Reached XP level 10. HP: 63/63 MP: 10/10
  6135 | D:8      | Reached skill level 1 in Invocations
  6158 | D:8      | 6158 ||| Stepping ~*~*~tactically~*~*~ (stealth).
  6160 | D:8      | 6160 ||| Stepping ~*~*~tactically~*~*~ (hiding).
  6161 | D:8      | 6161 ||| Stepping ~*~*~tactically~*~*~ (hiding).
  6162 | D:8      | 6162 ||| Stepping ~*~*~tactically~*~*~ (stealth).
  6176 | D:8      | 6176 ||| Stepping ~*~*~tactically~*~*~ (stealth).
  6177 | D:8      | 6177 ||| Stepping ~*~*~tactically~*~*~ (stealth).
  6184 | D:8      | 6184 ||| INVOKING Heroism.
  6204 | D:8      | 6204 ||| INVOKING Heroism.
  6205 | D:8      | 6205 ||| Stepping ~*~*~tactically~*~*~ (water).
  6241 | D:8      | 6241 ||| DROPPING +1 flail of protection.
  6345 | D:8      | Noticed a two-headed ogre
  6347 | D:8      | 6347 ||| INVOKING Heroism.
  6359 | D:8      | Killed a two-headed ogre
  6360 | D:8      | Reached skill level 3 in Invocations
  6459 | D:8      | Reached *** piety under Okawaru
  6490 | D:8      | 6490 ||| INVOKING Heroism.
  6509 | D:8      | 6509 ||| Stepping ~*~*~tactically~*~*~ (stealth).
  6510 | D:8      | 6510 ||| Stepping ~*~*~tactically~*~*~ (stealth).
  6514 | D:8      | 6514 ||| Stepping ~*~*~tactically~*~*~ (hiding).
  6600 | D:8      | 6600 ||| Stepping ~*~*~tactically~*~*~ (stealth).
  6602 | D:8      | 6602 ||| Stepping ~*~*~tactically~*~*~ (stealth).
  6604 | D:8      | 6604 ||| Stepping ~*~*~tactically~*~*~ (stealth).
  6606 | D:8      | 6606 ||| Stepping ~*~*~tactically~*~*~ (stealth).
  6608 | D:8      | 6608 ||| Stepping ~*~*~tactically~*~*~ (stealth).
  6610 | D:8      | 6610 ||| Stepping ~*~*~tactically~*~*~ (stealth).
  6612 | D:8      | 6612 ||| Stepping ~*~*~tactically~*~*~ (stealth).
  6614 | D:8      | 6614 ||| Stepping ~*~*~tactically~*~*~ (stealth).
  6616 | D:8      | 6616 ||| Stepping ~*~*~tactically~*~*~ (stealth).
  6618 | D:8      | 6618 ||| Stepping ~*~*~tactically~*~*~ (stealth).
  6620 | D:8      | 6620 ||| Stepping ~*~*~tactically~*~*~ (stealth).
  6864 | D:8      | Noticed Maggie
  6866 | D:8      | Found a burning altar of Makhleb.
  6886 | D:8      | 6886 ||| INVOKING Heroism.
  6888 | D:8      | Killed Maggie
  6909 | D:8      | Found a stormy altar of Qazlal.
  6910 | D:8      | Found an opulent altar of Gozag.
  6910 | D:8      | Found a glowing golden altar of the Shining One.
  6911 | D:8      | Found an ornate altar of the Wu Jian Council.
  6911 | D:8      | Found a radiant altar of Vehumet.
  6911 | D:8      | Found a broken altar of Ashenzari.
  6912 | D:8      | Found a glowing silver altar of Zin.
  6935 | D:8      | 6935 ||| UPGRADING to +0 plate armour.
  6945 | D:8      | 6945 ||| DROPPING +0 chain mail.
  6946 | D:8      | 6946 ||| UPGRADING to ring of willpower.
  6947 | D:8      | 6947 ||| READING scroll labelled QIUHUM QEPS.
  7048 | D:8      | 7048 ||| READING 4 scrolls of identify.
  7048 | D:8      | 7048 ||| IDENTIFYING coppery potion
  7049 | D:8      | 7049 ||| DRINKING potion of experience.
  7049 | D:8      | Reached skill level 11 in Armour
  7049 | D:8      | Reached XP level 11. HP: 68/68 MP: 14/14
  7050 | D:8      | 7050 ||| DROPPING potion of berserk rage.
  7142 | D:9      | Noticed Prince Ribbit
  7151 | D:9      | 7151 ||| Stepping ~*~*~tactically~*~*~ (stealth).
  7153 | D:9      | 7153 ||| INVOKING Heroism.
  7157 | D:9      | Killed Prince Ribbit
  7168 | D:9      | Received a gift from Okawaru
  7301 | D:9      | 7301 ||| INVOKING Heroism.
  7308 | D:9      | Reached skill level 9 in Fighting
  7314 | D:9      | 7314 ||| Stepping randomly (cloudy).
  7316 | D:9      | Reached **** piety under Okawaru
  7493 | D:9      | Found a staircase to the Orcish Mines.
  7616 | D:10     | Entered Level 10 of the Dungeon
  7616 | D:10     | Noticed Urug
  7617 | D:10     | 7617 ||| INVOKING Heroism.
  7636 | D:10     | Killed Urug
  7682 | D:10     | Reached XP level 12. HP: 76/76 MP: 15/15
  7698 | D:10     | 7698 ||| INVOKING Heroism.
  7729 | D:10     | Found a blossoming altar of Fedhas.
  7923 | D:10     | Noticed a death yak
  7924 | D:10     | 7924 ||| INVOKING Heroism.
  7925 | D:10     | Noticed a death yak
  7926 | D:10     | Noticed a death yak
  7926 | D:10     | Noticed a death yak
  7927 | D:10     | 7927 ||| Stepping ~*~*~tactically~*~*~ (stealth).
  7930 | D:10     | 7930 ||| Stepping ~*~*~tactically~*~*~ (stealth).
  7936 | D:10     | Noticed a death yak
  7937 | D:10     | 7937 ||| Stepping ~*~*~tactically~*~*~ (stealth).
  7938 | D:10     | 7938 ||| Stepping ~*~*~tactically~*~*~ (stealth).
  7939 | D:10     | 7939 ||| Stepping ~*~*~tactically~*~*~ (stealth).
  7940 | D:10     | 7940 ||| Stepping ~*~*~tactically~*~*~ (stealth).
  7945 | D:10     | 7945 ||| Stepping ~*~*~tactically~*~*~ (stealth).
  7946 | D:10     | 7946 ||| Stepping ~*~*~tactically~*~*~ (stealth).
  7950 | D:10     | Killed a death yak
  7951 | D:10     | Reached skill level 3 in Throwing
  7960 | D:10     | Killed a death yak
  7961 | D:10     | Reached skill level 6 in Invocations
  7961 | D:10     | 7961 ||| INVOKING Heroism.
  7967 | D:10     | Killed a death yak
  7976 | D:10     | Killed a death yak
  7976 | D:10     | Reached ***** piety under Okawaru
  7977 | D:10     | 7977 ||| INVOKING Finesse.
  7978 | D:10     | 7978 ||| INVOKING Finesse.
  7985 | D:10     | Killed a death yak
  7985 | D:10     | Received a gift from Okawaru
  8042 | D:10     | Found a staircase to the Lair.
  8070 | D:10     | 8070 ||| Stepping ~*~*~tactically~*~*~ (hiding).
  8071 | D:10     | 8071 ||| Stepping ~*~*~tactically~*~*~ (hiding).
  8072 | D:10     | 8072 ||| Stepping ~*~*~tactically~*~*~ (hiding).
  8074 | D:10     | 8074 ||| Stepping ~*~*~tactically~*~*~ (stealth).
  8087 | D:10     | 8087 ||| DROPPING +2 flail of protection.
  8108 | D:10     | 8108 ||| INVOKING Heroism.
  8360 | D:10     | Noticed a two-headed ogre
  8363 | D:10     | Killed a two-headed ogre
  8547 | D:10     | Found Dydowysm's CLEARANCE SALE!.
  8557 | D:10     | 8557 ||| BUYING +1 plate armour of Valour {rElec rF+ rCorr
                  | Slay+2} (252 gold).
  8557 | D:10     | Bought the +1 plate armour of Valour {rElec rF+ rCorr
                  | Slay+2} for 252 gold pieces
  8557 | D:10     | 8557 ||| BUYING scroll of enchant armour (30 gold).
  8557 | D:10     | Bought a scroll of enchant armour for 30 gold pieces
  8557 | D:10     | 8557 ||| BUYING scroll of identify (8 gold).
  8557 | D:10     | Bought a scroll of identify for 8 gold pieces
  8557 | D:10     | 8557 ||| READING scroll of enchant armour.
  8557 | D:10     | 8557 ||| ENCHANTING +0 pair of boots.
  8608 | D:10     | 8608 ||| PLANNING LAIR
  8608 | D:10     | 8608 ||| DROPPING +2 scale mail of cold resistance.
  8609 | D:10     | 8609 ||| UPGRADING to +1 plate armour of Valour {rElec rF+
                  | rCorr Slay+2}.
  8619 | D:10     | 8619 ||| DROPPING +0 plate armour.
  8620 | D:10     | 8620 ||| READING scroll labelled EQOIMA BICLEF.
  8621 | D:10     | 8621 ||| READING scroll labelled SUTTIO SUOM.
  8649 | Lair:1   | Entered Level 1 of the Lair of Beasts
  8650 | Lair:1   | 8650 ||| INVOKING Heroism.
  8780 | Lair:1   | 8780 ||| INVOKING Heroism.
  8867 | Lair:1   | 8867 ||| Stepping ~*~*~tactically~*~*~ (stealth).
  8869 | Lair:1   | 8869 ||| INVOKING Heroism.
  8882 | Lair:1   | Reached skill level 12 in Axes
  8970 | Lair:1   | 8970 ||| READING scroll of enchant armour.
  8970 | Lair:1   | 8970 ||| ENCHANTING +1 pair of boots.
  9102 | Lair:1   | 9102 ||| Stepping ~*~*~tactically~*~*~ (stealth).
  9104 | Lair:1   | 9104 ||| Stepping ~*~*~tactically~*~*~ (stealth).
  9115 | Lair:1   | 9115 ||| Stepping ~*~*~tactically~*~*~ (stealth).
  9121 | Lair:1   | 9121 ||| INVOKING Heroism.
  9126 | Lair:1   | Reached skill level 9 in Invocations
  9137 | Lair:1   | Reached skill level 6 in Shields
  9163 | Lair:1   | 9163 ||| INVOKING Heroism.
  9197 | Lair:1   | 9197 ||| Stepping ~*~*~tactically~*~*~ (stealth).
  9199 | Lair:1   | 9199 ||| Stepping ~*~*~tactically~*~*~ (stealth).
  9210 | Lair:1   | 9210 ||| INVOKING Heroism.
  9215 | Lair:1   | Reached XP level 13. HP: 80/80 MP: 17/20
  9229 | Lair:1   | Reached ****** piety under Okawaru
  9248 | Lair:1   | 9248 ||| Stepping ~*~*~tactically~*~*~ (stealth).
  9249 | Lair:1   | 9249 ||| Stepping ~*~*~tactically~*~*~ (stealth).
  9250 | Lair:1   | 9250 ||| Stepping ~*~*~tactically~*~*~ (stealth).
  9252 | Lair:1   | 9252 ||| Stepping ~*~*~tactically~*~*~ (stealth).
  9267 | Lair:1   | 9267 ||| INVOKING Heroism.
  9376 | Lair:1   | 9376 ||| INVOKING Heroism.
  9396 | Lair:1   | 9396 ||| Stepping ~*~*~tactically~*~*~ (stealth).
  9398 | Lair:1   | 9398 ||| Stepping ~*~*~tactically~*~*~ (stealth).
  9409 | Lair:1   | 9409 ||| INVOKING Heroism.
  9430 | Lair:1   | 9430 ||| Stepping ~*~*~tactically~*~*~ (hiding).
  9482 | Lair:1   | 9482 ||| INVOKING Heroism.
  9491 | Lair:1   | Identified the +1 cloak of Petor {Rampage rPois Will+
                  | Stlth-} (Okawaru gifted it to you on level 1 of the Lair of
                  | Beasts)
  9491 | Lair:1   | Received a gift from Okawaru
  9799 | Lair:1   | 9799 ||| UPGRADING to +1 cloak of Petor {Rampage rPois
                  | Will+ Stlth-}.
  9809 | Lair:1   | 9809 ||| DROPPING +0 cloak.
  9810 | Lair:1   | 9810 ||| DROPPING +6 ring of intelligence.
  9828 | Lair:2   | 9828 ||| Stepping ~*~*~tactically~*~*~ (stealth).
  9829 | Lair:2   | 9829 ||| Stepping ~*~*~tactically~*~*~ (stealth).
  9831 | Lair:2   | 9831 ||| INVOKING Heroism.
  9847 | Lair:2   | 9847 ||| Stepping ~*~*~tactically~*~*~ (stealth).
  9856 | Lair:2   | 9856 ||| Stepping ~*~*~tactically~*~*~ (stealth).
  9857 | Lair:2   | 9857 ||| Stepping ~*~*~tactically~*~*~ (stealth).
  9874 | Lair:2   | Found a hole to the Spider Nest.
  9949 | Lair:2   | 9949 ||| INVOKING Heroism.
  9987 | Lair:2   | 9987 ||| INVOKING Heroism.
 10092 | Lair:2   | 10092 ||| FLEEEEING.
 10093 | Lair:2   | 10093 ||| FLEEEEING.
 10094 | Lair:2   | 10094 ||| FLEEEEING.
 10095 | Lair:2   | 10095 ||| FLEEEEING.
 10096 | Lair:2   | 10096 ||| INVOKING Heroism.
 10118 | Lair:2   | Noticed Gastronok
 10119 | Lair:2   | 10119 ||| Stepping ~*~*~tactically~*~*~ (stealth).
 10139 | Lair:2   | Killed Gastronok
 10167 | Lair:2   | 10167 ||| INVOKING Heroism.
 10221 | Lair:2   | 10221 ||| Stepping ~*~*~tactically~*~*~ (hiding).
 10226 | Lair:2   | 10226 ||| INVOKING Heroism.
 10282 | Lair:2   | 10282 ||| Stepping ~*~*~tactically~*~*~ (stealth).
 10548 | Lair:2   | 10548 ||| INVOKING Heroism.
 10821 | Lair:3   | 10821 ||| INVOKING Heroism.
 10836 | Lair:3   | Found an iron altar of Okawaru.
 10889 | Lair:3   | 10889 ||| INVOKING Heroism.
 11092 | Lair:3   | Found a staircase to the Shoals.
 11138 | Lair:3   | 11138 ||| Stepping ~*~*~tactically~*~*~ (stealth).
 11139 | Lair:3   | 11139 ||| Stepping ~*~*~tactically~*~*~ (stealth).
 11140 | Lair:3   | 11140 ||| Stepping ~*~*~tactically~*~*~ (stealth).
 11144 | Lair:3   | 11144 ||| Stepping ~*~*~tactically~*~*~ (stealth).
 11146 | Lair:3   | 11146 ||| Stepping ~*~*~tactically~*~*~ (stealth).
 11149 | Lair:3   | 11149 ||| INVOKING Heroism.
 11388 | Lair:3   | 11388 ||| Stepping ~*~*~tactically~*~*~ (stealth).
 11391 | Lair:3   | 11391 ||| Stepping ~*~*~tactically~*~*~ (stealth).
 11394 | Lair:3   | 11394 ||| INVOKING Heroism.
 11402 | Lair:3   | Received a gift from Okawaru
 11737 | Lair:3   | 11737 ||| UPGRADING to +1 crystal plate armour.
 11747 | Lair:3   | 11747 ||| UPGRADING to ring of protection from fire.
 11749 | Lair:3   | 11749 ||| READING scroll labelled QAHUYS FEFAA.
 11813 | Lair:4   | 11813 ||| Stepping ~*~*~tactically~*~*~ (hiding).
 11814 | Lair:4   | 11814 ||| Stepping ~*~*~tactically~*~*~ (hiding).
 11825 | Lair:4   | Reached skill level 12 in Armour
 11917 | Lair:4   | Gained mutation: Your large and strong wings let you fly.
                  | [Gargoyle growth]
 11917 | Lair:4   | Reached XP level 14. HP: 84/88 MP: 21/21
 11949 | Lair:4   | 11949 ||| Stepping ~*~*~tactically~*~*~ (stealth).
 11969 | Lair:4   | 11969 ||| INVOKING Heroism.
 11970 | Lair:4   | 11970 ||| INVOKING Finesse.
 12015 | Lair:4   | Reached skill level 13 in Armour
 12094 | Lair:4   | 12094 ||| Stepping ~*~*~tactically~*~*~ (stealth).
 12095 | Lair:4   | 12095 ||| Stepping ~*~*~tactically~*~*~ (stealth).
 12096 | Lair:4   | 12096 ||| Stepping ~*~*~tactically~*~*~ (stealth).
 12144 | Lair:4   | 12144 ||| Stepping ~*~*~tactically~*~*~ (hiding).
 12157 | Lair:4   | 12157 ||| Stepping ~*~*~tactically~*~*~ (stealth).
 12163 | Lair:4   | 12163 ||| INVOKING Heroism.
 12324 | Lair:4   | 12324 ||| INVOKING Heroism.
 12325 | Lair:4   | 12325 ||| INVOKING Finesse.
 12684 | Lair:4   | 12684 ||| FLEEEEING.
 12685 | Lair:4   | 12685 ||| FLEEEEING.
 12686 | Lair:4   | 12686 ||| FLEEEEING.
 12687 | Lair:4   | 12687 ||| FLEEEEING.
 12691 | Lair:4   | 12691 ||| FLEEEEING.
 12692 | Lair:4   | 12692 ||| FLEEEEING.
 12693 | Lair:4   | 12693 ||| FLEEEEING.
 12695 | Lair:4   | 12695 ||| INVOKING Heroism.
 12758 | Lair:5   | Entered Level 5 of the Lair of Beasts
 12855 | Lair:5   | 12855 ||| Stepping ~*~*~tactically~*~*~ (hiding).
 12858 | Lair:5   | 12858 ||| Stepping ~*~*~tactically~*~*~ (hiding).
 12921 | Lair:5   | 12921 ||| INVOKING Heroism.
 12961 | Lair:5   | 12961 ||| INVOKING Heroism.
 12969 | Lair:5   | Reached skill level 14 in Armour
 12971 | Lair:5   | 12971 ||| INVOKING Finesse.
 12975 | Lair:5   | Received a gift from Okawaru
 12978 | Lair:5   | 12978 ||| SWAPPING to +0 morningstar.
 12979 | Lair:5   | Noticed Snorg
 12980 | Lair:5   | 12980 ||| Stepping ~*~*~tactically~*~*~ (outnumbered).
 12981 | Lair:5   | 12981 ||| Stepping ~*~*~tactically~*~*~ (outnumbered).
 12988 | Lair:5   | 12988 ||| Stepping ~*~*~tactically~*~*~ (outnumbered).
 12989 | Lair:5   | 12989 ||| Stepping ~*~*~tactically~*~*~ (outnumbered).
 12990 | Lair:5   | 12990 ||| INVOKING Heroism.
 12991 | Lair:5   | 12991 ||| Stepping ~*~*~tactically~*~*~ (outnumbered).
 12992 | Lair:5   | 12992 ||| Stepping ~*~*~tactically~*~*~ (outnumbered).
 12997 | Lair:5   | HP: 14/90 [seven-headed hydra (9)]
 12998 | Lair:5   | 12998 ||| READING 9 scrolls of teleportation.
 12999 | Lair:5   | 12999 ||| DRINKING 2 potions of heal wounds.
 13004 | Lair:5   | 13004 ||| SWAPPING to +8 hand axe "Zetafeil" {vamp, rElec
                  | rN+ Will+}.
 13026 | Lair:5   | 13026 ||| INVOKING Finesse.
 13035 | Lair:5   | 13035 ||| SWAPPING to +0 morningstar.
 13037 | Lair:5   | 13037 ||| Stepping ~*~*~tactically~*~*~ (outnumbered).
 13038 | Lair:5   | 13038 ||| Stepping ~*~*~tactically~*~*~ (outnumbered).
 13039 | Lair:5   | 13039 ||| Stepping ~*~*~tactically~*~*~ (outnumbered).
 13040 | Lair:5   | 13040 ||| Stepping ~*~*~tactically~*~*~ (outnumbered).
 13041 | Lair:5   | 13041 ||| Stepping ~*~*~tactically~*~*~ (outnumbered).
 13042 | Lair:5   | 13042 ||| INVOKING Heroism.
 13043 | Lair:5   | 13043 ||| Stepping ~*~*~tactically~*~*~ (outnumbered).
 13045 | Lair:5   | 13045 ||| Stepping ~*~*~tactically~*~*~ (outnumbered).
 13050 | Lair:5   | 13050 ||| Stepping ~*~*~tactically~*~*~ (outnumbered).
 13051 | Lair:5   | 13051 ||| Stepping ~*~*~tactically~*~*~ (outnumbered).
 13052 | Lair:5   | 13052 ||| Stepping ~*~*~tactically~*~*~ (outnumbered).
 13053 | Lair:5   | 13053 ||| Stepping ~*~*~tactically~*~*~ (outnumbered).
 13066 | Lair:5   | 13066 ||| Stepping ~*~*~tactically~*~*~ (outnumbered).
 13067 | Lair:5   | 13067 ||| Stepping ~*~*~tactically~*~*~ (outnumbered).
 13070 | Lair:5   | 13070 ||| SWAPPING to +8 hand axe "Zetafeil" {vamp, rElec
                  | rN+ Will+}.
 13082 | Lair:5   | 13082 ||| SWAPPING to +0 morningstar.
 13084 | Lair:5   | Killed Snorg
 13085 | Lair:5   | Reached skill level 12 in Fighting
 13088 | Lair:5   | 13088 ||| SWAPPING to +8 hand axe "Zetafeil" {vamp, rElec
                  | rN+ Will+}.
 13244 | Lair:5   | 13244 ||| INVOKING Heroism.
 13374 | Lair:5   | 13374 ||| INVOKING Heroism.
 13410 | Lair:5   | Found a staircase to the Slime Pits.
 13414 | Lair:5   | Found a viscous altar of Jiyva.
 13417 | Lair:5   | 13417 ||| Stepping ~*~*~tactically~*~*~ (stealth).
 13427 | Lair:5   | 13427 ||| INVOKING Heroism.
 13438 | Lair:5   | 13438 ||| Stepping ~*~*~tactically~*~*~ (stealth).
 13458 | Lair:5   | HP: 21/92 [acid (4)]
 13459 | Lair:5   | 13459 ||| READING 8 scrolls of teleportation.
 13460 | Lair:5   | 13460 ||| DRINKING potion of heal wounds.
 13672 | Lair:5   | 13672 ||| Stepping ~*~*~tactically~*~*~ (hiding).
 13674 | Lair:5   | 13674 ||| INVOKING Heroism.
 13675 | Lair:5   | 13675 ||| INVOKING Finesse.
 13740 | Lair:5   | 13740 ||| INVOKING Heroism.
 13743 | Lair:5   | 13743 ||| INVOKING Finesse.
 13763 | Lair:5   | 13763 ||| Stepping ~*~*~tactically~*~*~ (stealth).
 13801 | Lair:5   | 13801 ||| Stepping ~*~*~tactically~*~*~ (stealth).
 13803 | Lair:5   | 13803 ||| Stepping ~*~*~tactically~*~*~ (stealth).
 13805 | Lair:5   | 13805 ||| INVOKING Finesse.
 13815 | Lair:5   | 13815 ||| INVOKING Heroism.
 13838 | Lair:5   | 13838 ||| Stepping ~*~*~tactically~*~*~ (stealth).
 13839 | Lair:5   | 13839 ||| Stepping ~*~*~tactically~*~*~ (stealth).
 13922 | Lair:5   | 13922 ||| INVOKING Heroism.
 13923 | Lair:5   | 13923 ||| INVOKING Finesse.
 13953 | Lair:5   | Reached skill level 15 in Armour
 13963 | Lair:5   | Reached XP level 15. HP: 96/96 MP: 16/22
 14066 | Lair:5   | Reached skill level 3 in Dodging
 14437 | Lair:5   | 14437 ||| PLANNING D:1-11
 14437 | Lair:5   | 14437 ||| DROPPING orb of energy.
 14438 | Lair:5   | 14438 ||| DROPPING +0 pair of gloves of infusion.
 14439 | Lair:5   | 14439 ||| READING scroll labelled ERHA RUICLADOM.
 14439 | Lair:5   | Identified a scroll of acquirement
 14440 | Lair:5   | 14440 ||| READING scroll of acquirement.
 14440 | Lair:5   | 14440 ||| ACQUIRING +3 warlock's mirror {reflect}
 14440 | Lair:5   | Acquired the +3 warlock's mirror {reflect}
 14440 | Lair:5   | Found the +3 warlock's mirror {reflect}
 14442 | Lair:5   | 14442 ||| UPGRADING to +3 warlock's mirror {reflect}.
 14452 | Lair:5   | 14452 ||| DROPPING +0 buckler.
 14645 | D:11     | 14645 ||| Stepping ~*~*~tactically~*~*~ (hiding).
 14648 | D:11     | 14648 ||| Stepping ~*~*~tactically~*~*~ (hiding).
 14661 | D:11     | 14661 ||| Stepping ~*~*~tactically~*~*~ (hiding).
 14662 | D:11     | 14662 ||| Stepping ~*~*~tactically~*~*~ (hiding).
 14877 | D:11     | 14877 ||| Stepping ~*~*~tactically~*~*~ (stealth).
 15127 | D:11     | 15127 ||| PLANNING D
 15196 | D:12     | 15196 ||| Stepping ~*~*~tactically~*~*~ (hiding).
 15199 | D:12     | 15199 ||| Stepping ~*~*~tactically~*~*~ (hiding).
 15385 | D:12     | Reached skill level 6 in Throwing
 15472 | D:12     | 15472 ||| INVOKING Heroism.
 15483 | D:12     | Noticed Nessos
 15484 | D:12     | 15484 ||| Stepping ~*~*~tactically~*~*~ (stealth).
 15485 | D:12     | 15485 ||| Stepping ~*~*~tactically~*~*~ (stealth).
 15486 | D:12     | 15486 ||| INVOKING Finesse.
 15495 | D:12     | Killed Nessos
 15557 | D:12     | 15557 ||| Stepping ~*~*~tactically~*~*~ (stealth).
 15571 | D:12     | Received a gift from Okawaru
 15581 | D:12     | 15581 ||| Stepping ~*~*~tactically~*~*~ (stealth).
 15589 | D:12     | 15589 ||| Stepping ~*~*~tactically~*~*~ (stealth).
 15593 | D:12     | 15593 ||| Stepping ~*~*~tactically~*~*~ (stealth).
 15612 | D:12     | 15612 ||| Stepping ~*~*~tactically~*~*~ (stealth).
 15614 | D:12     | 15614 ||| Stepping ~*~*~tactically~*~*~ (stealth).
 15664 | D:12     | 15664 ||| INVOKING Heroism.
 15971 | D:12     | 15971 ||| Stepping ~*~*~tactically~*~*~ (stealth).
 15973 | D:12     | 15973 ||| Stepping ~*~*~tactically~*~*~ (stealth).
 15984 | D:12     | 15984 ||| INVOKING Heroism.
 16103 | D:12     | 16103 ||| UPGRADING to +0 kite shield.
 16113 | D:12     | 16113 ||| DROPPING +3 warlock's mirror {reflect}.
 16168 | D:13     | Received a gift from Okawaru
 16217 | D:13     | 16217 ||| INVOKING Heroism.
 16227 | D:13     | 16227 ||| Stepping randomly (cloudy).
 16255 | D:13     | Received a gift from Okawaru
 16310 | D:13     | Found Waoc's Antique Weapon Emporium.
 16569 | D:13     | 16569 ||| INVOKING Heroism.
 16572 | D:13     | Reached skill level 9 in Shields
 16625 | D:13     | 16625 ||| Stepping ~*~*~tactically~*~*~ (hiding).
 16677 | D:13     | Found a gate to the Vaults.
 16678 | D:13     | 16678 ||| INVOKING Heroism.
 17049 | D:13     | 17049 ||| UPGRADING to +4 ring of protection.
 17051 | D:13     | 17051 ||| DROPPING ring of willpower.
 17052 | D:13     | 17052 ||| UPGRADING to +6 ring of strength.
 17122 | D:14     | 17122 ||| Stepping ~*~*~tactically~*~*~ (stealth).
 17154 | D:14     | 17154 ||| Stepping ~*~*~tactically~*~*~ (hiding).
 17155 | D:14     | 17155 ||| Stepping ~*~*~tactically~*~*~ (hiding).
 17164 | D:14     | Received a gift from Okawaru
 17368 | D:14     | Found a stormy altar of Qazlal.
 17385 | D:14     | 17385 ||| Stepping ~*~*~tactically~*~*~ (hiding).
 17386 | D:14     | 17386 ||| Stepping ~*~*~tactically~*~*~ (hiding).
 17387 | D:14     | 17387 ||| Stepping ~*~*~tactically~*~*~ (hiding).
 17394 | D:14     | 17394 ||| FLEEEEING.
 17408 | D:14     | 17408 ||| INVOKING Heroism.
 17642 | D:14     | 17642 ||| Stepping ~*~*~tactically~*~*~ (stealth).
 17643 | D:14     | 17643 ||| Stepping ~*~*~tactically~*~*~ (stealth).
 17645 | D:14     | 17645 ||| Stepping ~*~*~tactically~*~*~ (hiding).
 17646 | D:14     | 17646 ||| Stepping ~*~*~tactically~*~*~ (hiding).
 17798 | D:14     | Found a frozen archway.
 17822 | D:14     | Received a gift from Okawaru
 17968 | D:15     | Entered Level 15 of the Dungeon
 17990 | D:15     | 17990 ||| Stepping ~*~*~tactically~*~*~ (hiding).
 17993 | D:15     | 17993 ||| Stepping ~*~*~tactically~*~*~ (hiding).
 17995 | D:15     | 17995 ||| Stepping ~*~*~tactically~*~*~ (hiding).
 17998 | D:15     | 17998 ||| INVOKING Heroism.
 18027 | D:15     | Identified the +3 ring mail of Xiatucam {rF- rC+++ Will+
                  | MP-9} (Okawaru gifted it to you on level 15 of the Dungeon)
 18027 | D:15     | Received a gift from Okawaru
 18047 | D:15     | 18047 ||| INVOKING Finesse.
 18056 | D:15     | Reached skill level 12 in Shields
 18056 | D:15     | 18056 ||| FLEEEEING.
 18057 | D:15     | 18057 ||| FLEEEEING.
 18058 | D:15     | 18058 ||| FLEEEEING.
 18059 | D:15     | 18059 ||| FLEEEEING.
 18060 | D:15     | 18060 ||| FLEEEEING.
 18061 | D:15     | 18061 ||| SWAPPING to +0 morningstar.
 18070 | D:15     | 18070 ||| SWAPPING to +8 hand axe "Zetafeil" {vamp, rElec
                  | rN+ Will+}.
 18095 | D:15     | Identified the +2 robe of Spring Thaw {Archmagi}
 18110 | D:15     | 18110 ||| Stepping ~*~*~tactically~*~*~ (stealth).
 18112 | D:15     | 18112 ||| Stepping ~*~*~tactically~*~*~ (hiding).
 18120 | D:15     | 18120 ||| Stepping ~*~*~tactically~*~*~ (hiding).
 18122 | D:15     | 18122 ||| INVOKING Heroism.
 18166 | D:15     | 18166 ||| INVOKING Heroism.
 18169 | D:15     | Reached XP level 16. HP: 71/104 MP: 20/23
 18182 | D:15     | 18182 ||| Stepping ~*~*~tactically~*~*~ (stealth).
 18219 | D:15     | 18219 ||| Stepping ~*~*~tactically~*~*~ (stealth).
 18220 | D:15     | 18220 ||| Stepping ~*~*~tactically~*~*~ (stealth).
 18295 | D:15     | 18295 ||| Stepping ~*~*~tactically~*~*~ (stealth).
 18297 | D:15     | 18297 ||| Stepping ~*~*~tactically~*~*~ (stealth).
 18363 | D:15     | 18363 ||| INVOKING Heroism.
 18388 | D:15     | 18388 ||| Stepping ~*~*~tactically~*~*~ (stealth).
 18389 | D:15     | 18389 ||| Stepping ~*~*~tactically~*~*~ (hiding).
 18485 | D:15     | 18485 ||| Stepping ~*~*~tactically~*~*~ (stealth).
 18487 | D:15     | 18487 ||| Stepping ~*~*~tactically~*~*~ (stealth).
 18504 | D:15     | 18504 ||| INVOKING Heroism.
 18539 | D:15     | 18539 ||| Stepping ~*~*~tactically~*~*~ (stealth).
 18577 | D:15     | 18577 ||| INVOKING Heroism.
 18578 | D:15     | 18578 ||| INVOKING Finesse.
 18593 | D:15     | 18593 ||| Stepping ~*~*~tactically~*~*~ (stealth).
 18632 | D:15     | Reached skill level 16 in Armour
 18655 | D:15     | 18655 ||| Stepping ~*~*~tactically~*~*~ (stealth).
 18656 | D:15     | 18656 ||| INVOKING Heroism.
 18674 | D:15     | Found a staircase to the Depths.
 18680 | D:15     | Found a runed translucent door.
 18686 | D:15     | 18686 ||| Stepping ~*~*~tactically~*~*~ (hiding).
 18687 | D:15     | 18687 ||| Stepping ~*~*~tactically~*~*~ (hiding).
 18702 | D:15     | Found a runed translucent door.
 18704 | D:15     | Noticed a sphinx
 18706 | D:15     | Noticed a lich
 18706 | D:15     | Noticed AyAyRon's ghost (adept DsFi)
 18784 | D:15     | 18784 ||| INVOKING Heroism.
 18867 | D:15     | 18867 ||| Stepping randomly (stuck).
 18872 | D:15     | 18872 ||| Stepping ~*~*~tactically~*~*~ (hiding).
 18884 | D:15     | 18884 ||| Stepping randomly (stuck).
 18885 | D:15     | 18885 ||| Stepping randomly (stuck).
 18887 | D:15     | 18887 ||| INVOKING Heroism.
 19036 | D:15     | 19036 ||| PLANNING ORC
 19134 | Orc:1    | Entered Level 1 of the Orcish Mines
 19135 | Orc:1    | 19135 ||| INVOKING Heroism.
 19344 | Orc:2    | Entered Level 2 of the Orcish Mines
 19346 | Orc:2    | 19346 ||| Stepping ~*~*~tactically~*~*~ (stealth).
 19347 | Orc:2    | 19347 ||| Stepping ~*~*~tactically~*~*~ (stealth).
 19401 | Orc:2    | 19401 ||| INVOKING Heroism.
 19419 | Orc:2    | Found Ezacox's Antique Weapon Shop.
 19443 | Orc:2    | 19443 ||| Stepping ~*~*~tactically~*~*~ (stealth).
 19448 | Orc:2    | 19448 ||| Stepping ~*~*~tactically~*~*~ (stealth).
 19450 | Orc:2    | 19450 ||| Stepping ~*~*~tactically~*~*~ (stealth).
 19473 | Orc:2    | Found Uxkyerhawe's General Store.
 19474 | Orc:2    | 19474 ||| Stepping ~*~*~tactically~*~*~ (stealth).
 19477 | Orc:2    | 19477 ||| Stepping ~*~*~tactically~*~*~ (hiding).
 19490 | Orc:2    | 19490 ||| INVOKING Heroism.
 19531 | Orc:2    | 19531 ||| BUYING 2 potions of haste (260 gold).
 19531 | Orc:2    | Bought 2 potions of haste for 260 gold pieces
 19531 | Orc:2    | 19531 ||| BUYING potion of mutation (104 gold).
 19531 | Orc:2    | Bought a potion of mutation for 104 gold pieces
 19531 | Orc:2    | 19531 ||| BUYING ring of see invisible (195 gold).
 19531 | Orc:2    | Bought a ring of see invisible for 195 gold pieces
 19589 | Orc:2    | Found Ficite's Antique Armour Shoppe.
 19603 | Orc:2    | 19603 ||| BUYING ancient helmet (342 gold).
 19603 | Orc:2    | Bought an ancient helmet for 342 gold pieces
 19603 | Orc:2    | Identified the +0 helmet of Zeraupnu {*Corrode rPois Int+2}
                  | (You bought it in a shop on level 2 of the Orcish Mines)
 19609 | Orc:2    | 19609 ||| INVOKING Heroism.
 19617 | Orc:2    | Received a gift from Okawaru
 19638 | Orc:2    | Found Upecw's Weapon Emporium.
 19682 | Orc:2    | 19682 ||| Stepping ~*~*~tactically~*~*~ (hiding).
 19703 | Orc:2    | 19703 ||| INVOKING Heroism.
 19704 | Orc:2    | 19704 ||| INVOKING Finesse.
 19712 | Orc:2    | 19712 ||| Stepping ~*~*~tactically~*~*~ (hiding).
 19716 | Orc:2    | 19716 ||| Stepping ~*~*~tactically~*~*~ (hiding).
 19731 | Orc:2    | 19731 ||| Stepping ~*~*~tactically~*~*~ (stealth).
 19759 | Orc:2    | 19759 ||| Stepping ~*~*~tactically~*~*~ (hiding).
 19782 | Orc:2    | Found Vaimaxum's Book Emporium.
 19824 | Orc:2    | 19824 ||| DROPPING +0 helmet of Zeraupnu {*Corrode rPois
                  | Int+2}.
 19825 | Orc:2    | 19825 ||| UPGRADING to ring of see invisible.
 19830 | Orc:2    | 19830 ||| INVOKING Heroism.
 19860 | Orc:1    | 19860 ||| INVOKING Heroism.
 19942 | Orc:2    | 19942 ||| SWAPPING to +1 vampiric war axe.
 19943 | Orc:2    | 19943 ||| DROPPING +3 war axe.
 19944 | Orc:2    | 19944 ||| DROPPING +8 hand axe "Zetafeil" {vamp, rElec rN+
                  | Will+}.
 19945 | Orc:2    | 19945 ||| READING 3 scrolls of enchant weapon.
 19945 | Orc:2    | 19945 ||| ENCHANTING +1 vampiric war axe.
 19946 | Orc:2    | 19946 ||| READING 2 scrolls of enchant weapon.
 19946 | Orc:2    | 19946 ||| ENCHANTING +2 vampiric war axe.
 19947 | Orc:2    | 19947 ||| READING scroll of enchant weapon.
 19947 | Orc:2    | 19947 ||| ENCHANTING +3 vampiric war axe.
 19959 | Orc:1    | 19959 ||| INVOKING Heroism.
 20147 | Orc:2    | Found a staircase to the Elven Halls.
 20235 | Orc:2    | 20235 ||| Stepping ~*~*~tactically~*~*~ (hiding).
 20236 | Orc:2    | 20236 ||| INVOKING Heroism.
 20400 | Orc:2    | 20400 ||| INVOKING Heroism.
 20400 | Orc:2    | Paralysed by an orc sorcerer for 5 turns
 20481 | Orc:2    | 20481 ||| PLANNING SPIDER:1-3
 20577 | Spider:1 | Entered Level 1 of the Spider Nest
 20590 | Spider:1 | Received a gift from Okawaru
 20769 | Spider:1 | 20769 ||| INVOKING Heroism.
 20774 | Spider:1 | 20774 ||| DRINKING 2 potions of cancellation.
 21063 | Spider:1 | 21063 ||| DROPPING +0 war axe of freezing.
 21074 | Spider:1 | 21074 ||| Stepping ~*~*~tactically~*~*~ (stealth).
 21077 | Spider:1 | 21077 ||| INVOKING Heroism.
 21085 | Spider:1 | Received a gift from Okawaru
 21117 | Spider:1 | 21117 ||| Stepping ~*~*~tactically~*~*~ (stealth).
 21126 | Spider:1 | 21126 ||| INVOKING Heroism.
 21202 | Spider:1 | 21202 ||| INVOKING Heroism.
 21276 | Spider:1 | 21276 ||| READING scroll of enchant weapon.
 21276 | Spider:1 | 21276 ||| ENCHANTING +4 vampiric war axe.
 21407 | Spider:1 | 21407 ||| Stepping ~*~*~tactically~*~*~ (stealth).
 21418 | Spider:1 | 21418 ||| Stepping ~*~*~tactically~*~*~ (stealth).
 21437 | Spider:1 | 21437 ||| Stepping ~*~*~tactically~*~*~ (stealth).
 21438 | Spider:1 | 21438 ||| Stepping ~*~*~tactically~*~*~ (stealth).
 21466 | Spider:1 | Noticed Azrael
 21467 | Spider:1 | 21467 ||| INVOKING Heroism.
 21481 | Spider:1 | Reached skill level 15 in Axes
 21488 | Spider:1 | HP: 13/105 [Azrael/damnation (37)]
 21489 | Spider:1 | 21489 ||| READING 8 scrolls of teleportation.
 21490 | Spider:1 | Killed Azrael
 21917 | Spider:1 | 21917 ||| Stepping ~*~*~tactically~*~*~ (hiding).
 21918 | Spider:1 | 21918 ||| Stepping ~*~*~tactically~*~*~ (hiding).
 22089 | Spider:2 | Identified the +1 leather armour "Zeinwij" {rC+ rN+ Str+6
                  | Stlth-}
 22105 | Spider:2 | 22105 ||| Stepping ~*~*~tactically~*~*~ (stealth).
 22106 | Spider:2 | 22106 ||| Stepping ~*~*~tactically~*~*~ (hiding).
 22107 | Spider:2 | 22107 ||| INVOKING Heroism.
 22118 | Spider:2 | 22118 ||| Stepping ~*~*~tactically~*~*~ (stealth).
 22163 | Spider:2 | 22163 ||| DRINKING potion of cancellation.
 22164 | Spider:2 | 22164 ||| INVOKING Heroism.
 22225 | Spider:2 | 22225 ||| INVOKING Heroism.
 22282 | Spider:2 | 22282 ||| INVOKING Heroism.
 22309 | Spider:2 | Reached XP level 17. HP: 110/110 MP: 24/24
 22543 | Spider:2 | 22543 ||| Stepping ~*~*~tactically~*~*~ (stealth).
 22547 | Spider:2 | 22547 ||| INVOKING Heroism.
 22598 | Spider:2 | 22598 ||| INVOKING Heroism.
 22688 | Spider:2 | 22688 ||| Stepping ~*~*~tactically~*~*~ (stealth).
 22759 | Spider:2 | 22759 ||| INVOKING Heroism.
 22924 | Spider:2 | Noticed Arachne
 22925 | Spider:2 | 22925 ||| INVOKING Finesse.
 22963 | Spider:2 | 22963 ||| INVOKING Finesse.
 22965 | Spider:2 | Killed Arachne
 23576 | Spider:3 | 23576 ||| INVOKING Heroism.
 23577 | Spider:3 | 23577 ||| STAIRDANCE
 23690 | Spider:3 | 23690 ||| STAIRDANCE
 23700 | Spider:2 | 23700 ||| INVOKING Heroism.
 23734 | Spider:3 | 23734 ||| STAIRDANCE
 23770 | Spider:3 | 23770 ||| INVOKING Heroism.
 23830 | Spider:3 | 23830 ||| Stepping ~*~*~tactically~*~*~ (stealth).
 23833 | Spider:3 | 23833 ||| Stepping ~*~*~tactically~*~*~ (stealth).
 23991 | Spider:3 | 23991 ||| READING scroll of enchant weapon.
 23991 | Spider:3 | 23991 ||| ENCHANTING +5 vampiric war axe.
 24031 | Spider:3 | 24031 ||| Stepping ~*~*~tactically~*~*~ (stealth).
 24035 | Spider:3 | 24035 ||| Stepping ~*~*~tactically~*~*~ (stealth).
 24041 | Spider:3 | Reached skill level 17 in Armour
 24061 | Spider:3 | 24061 ||| Stepping ~*~*~tactically~*~*~ (stealth).
 24062 | Spider:3 | 24062 ||| Stepping ~*~*~tactically~*~*~ (stealth).
 24430 | Spider:3 | 24430 ||| Stepping ~*~*~tactically~*~*~ (hiding).
 24434 | Spider:3 | 24434 ||| INVOKING Finesse.
 24491 | Spider:3 | 24491 ||| Stepping ~*~*~tactically~*~*~ (stealth).
 24545 | Spider:3 | 24545 ||| Stepping ~*~*~tactically~*~*~ (stealth).
 24550 | Spider:3 | 24550 ||| Stepping ~*~*~tactically~*~*~ (stealth).
 24558 | Spider:3 | 24558 ||| INVOKING Finesse.
 24716 | Spider:3 | 24716 ||| Stepping ~*~*~tactically~*~*~ (hiding).
 24720 | Spider:3 | 24720 ||| INVOKING Finesse.
 24732 | Spider:3 | Received a gift from Okawaru
 24825 | Spider:3 | 24825 ||| READING scroll of enchant armour.
 24825 | Spider:3 | 24825 ||| ENCHANTING +1 crystal plate armour.
 24990 | Spider:3 | 24990 ||| Stepping ~*~*~tactically~*~*~ (stealth).
 24994 | Spider:3 | 24994 ||| INVOKING Heroism.
 25158 | Spider:3 | 25158 ||| READING scroll of enchant armour.
 25158 | Spider:3 | 25158 ||| ENCHANTING +2 crystal plate armour.
 25256 | Spider:3 | 25256 ||| PLANNING SHOALS:1-3
 25256 | Spider:3 | 25256 ||| DROPPING +3 ring mail of Xiatucam {rF- rC+++
                  | Will+ MP-9}.
 25388 | Shoals:1 | Entered Level 1 of the Shoals
 25388 | Shoals:1 | Found Lioreq's General Store.
 25436 | Shoals:1 | 25436 ||| BUYING scroll of brand weapon (114 gold).
 25436 | Shoals:1 | Bought a scroll of brand weapon for 114 gold pieces
 25438 | Shoals:1 | Found a runed translucent gate.
 25438 | Shoals:1 | Found a runed translucent gate.
 25438 | Shoals:1 | Found a runed translucent gate.
 25439 | Shoals:1 | Noticed qw's ghost (adept GrFi)
 25575 | Shoals:1 | 25575 ||| INVOKING Heroism.
 25600 | Shoals:1 | 25600 ||| Stepping ~*~*~tactically~*~*~ (hiding).
 25698 | Shoals:1 | 25698 ||| INVOKING Heroism.
 25770 | Shoals:1 | Noticed Kirke
 25771 | Shoals:1 | 25771 ||| INVOKING Heroism.
 25794 | Shoals:1 | 25794 ||| INVOKING Heroism.
 25794 | Shoals:1 | HP: 24/111 [merfolk siren/+0 spear (10)]
 25795 | Shoals:1 | 25795 ||| READING 8 scrolls of teleportation.
 25795 | Shoals:1 | HP: 7/111 [merfolk/+4 trident of venom (18)]
 25795 | Shoals:1 | Mangled by a manticore

Levels and vault maps discovered:
D:1:      heliophobic_arrival_dark_side_of_the_moon, layout_loops_ring
D:2:      layout_basic, minmay_misc_feat_tower,
          minmay_fractal_squares_gapless_5, uniq_terence
D:3:      layout_rooms, led_sif_pool, serial_shops, shop_fountains,
          basic_ecumenical_altar, uniq_natasha, uniq_grinder
D:4:      layout_rooms
D:5:      layout_rooms, st_stairs_10, hex_large, minmay_small_thing
D:6:      layout_rooms, minmay_temple_entry_offerings,
          nicolae_ossuary_entry_plus
D:7:      layout_basic, kennysheep_ying_yang, nicolae_uskayaw_suspiria,
          guppyfry_shop_venom
D:8:      layout_loops_ring, grunt_temple_overflow_open, serial_ice,
          serial_ice_i, serial_ice_e, serial_ice_n, serial_ice_o, uniq_maggie
D:9:      layout_basic, orc_0_dummy, skrybe_limestone_x,
          kennysheep_generic_room_2, uniq_prince_ribbit1
D:10:     layout_layer_cave, mainiacjoe_overflow_paths, dpeg_lair_monsters,
          nicolae_shop_clearance, uniq_urug
D:11:     layout_roguey, grunt_decor_cap, hangedman_decor_points
D:12:     layout_roguey, minmay_lizard_king, uniq_nessos
D:13:     layout_irregular_city, grunt_vaults_entry_fortified, serial_shops,
          nicolae_inconvenience_store
D:14:     layout_basic, portal_ice_cave_entry_frozen_things,
          nicolae_qazlal_general_emergency
D:15:     hangedman_depths_entry_civil_slaughter, layout_rooms,
          nicolae_concentric_dashed_squares_wild, muffindrake_ghost_dual_entry
Temple:   compressed_dpeg_triangle_lava_temple
Lair:1:   lemuel_reptile_caves, layout_regular_city
Lair:2:   beast_lair_carwin_large_3, layout_regular_city,
          hellmonk_spider_entry_not_the_bees, nicolae_lair_grove_arrangements,
          nicolae_quartered_pool_super, lemuel_fruit_tree, uniq_gastronok
Lair:3:   layout_layer_cave, shoals_dummy_entry, basic_altar, grunt_megastairs_5
Lair:4:   layout_misc_corridors
Lair:5:   evilmike_catoblepas_cave, layout_hall_layers,
          nicolae_slime_entry_slimehenge, chequers_serial_rivers_micro_b,
          uniq_snorg
Shoals:1: layout_shoals, gammafunk_ghost_split, serial_shops,
          nicolae_shop_hallway_plus, uniq_kirke
Spider:1: layout_cave_pods, uniq_azrael
Spider:2: layout_chambers, uniq_arachne
Spider:3: layout_chambers
Orc:1:    layout_caves, basic_altar, nicolae_orc_rich_vein
Orc:2:    grunt_orc_gardens, layout_caves, grunt_orc_garden, grunt_orc_garden,
          grunt_orc_garden, grunt_orc_garden, serial_shops,
          nicolae_shop_bloodbath_and_beyond, basic_altar, nicolae_orc_lava_tube

Skill      XL: |  1  2  3  4  5  6  7  8  9 10 11 12 13 14 15 16 17 |
---------------+----------------------------------------------------+-----
Axes           | 2 3 4 6 7 8 10 11 12 14 15 16 | 16.0
Fighting       | 4 6 7 8 9 10 12 13 14 | 14.0
Dodging        | 1 2 3 |  3.2
Armour         | 4 5 6 11 12 15 16 17 | 17.4
Shields        | 4 5 6 8 12 13 14 | 14.0
Throwing       | 1 2 4 5 6 |  6.1
Invocations    | 4 5 9 10 | 10.0

Action                   |  1- 3 |  4- 6 |  7- 9 | 10-12 | 13-15 | 16-18 || total
-------------------------+-------+-------+-------+-------+-------+-------++-------
Melee: War axe           |    99 |   134 |   182 |       |       |   702 ||  1117
       Hand axe          |       |       |   121 |   385 |  1301 |   383 ||  2190
       Morningstar       |       |       |       |       |    48 |       ||    48
Throw: Boomerang         |       |       |    13 |    25 |    95 |   134 ||   267
       Javelin           |       |       |       |    34 |    69 |    15 ||   118
Invok: Heroism           |       |       |       |    18 |    40 |    36 ||    94
       Finesse           |       |       |       |     1 |    10 |     7 ||    18
  Use: Scroll            |     6 |     6 |    10 |     6 |     5 |     9 ||    42
       Potion            |     2 |       |     5 |     1 |     2 |     2 ||    12
 Stab: Petrified         |       |       |       |       |     3 |       ||     3
       Petrifying        |       |       |       |       |     1 |       ||     1
Armor: Scale mail        |    48 |       |       |       |       |       ||    48
       Chain mail        |     9 |    83 |   154 |    37 |       |       ||   283
       Plate armour      |       |       |       |   158 |   159 |       ||   317
       Crystal plate arm |       |       |       |       |   621 |   794 ||  1415
Dodge: Dodged            |    37 |    29 |    89 |    96 |   293 |   265 ||   809
Block: Buckler           |    15 |    23 |    57 |    62 |   221 |       ||   378
       Kite shield       |       |       |       |       |   154 |   613 ||   767
       Reflection        |       |       |       |       |     6 |       ||     6

Table legend:
 A = Non-vault XP
 B = Vault XP
 C = Vault XP percentage of total XP
 D = Non-vault monster count
 E = Vault monster count
 F = Vault count percentage of total count
                 A         B        C        D         E       F
            +---------+---------+-------+---------+---------+-------
      Total |  155009 |   51171 |  24.8 |     672 |     183 |  21.4
            +---------+---------+-------+---------+---------+-------
        D:1 |      46 |       0 |   0.0 |      28 |       0 |   0.0
        D:2 |      57 |      40 |  41.2 |      16 |       3 |  15.8
        D:3 |     129 |     302 |  70.1 |      25 |       2 |   7.4
        D:4 |     182 |       0 |   0.0 |      19 |       0 |   0.0
        D:5 |    1114 |     330 |  22.9 |      23 |       4 |  14.8
        D:6 |     533 |       0 |   0.0 |      15 |       0 |   0.0
        D:7 |     953 |       1 |   0.1 |      25 |       1 |   3.8
        D:8 |    2891 |     795 |  21.6 |      23 |      10 |  30.3
        D:9 |    1604 |     448 |  21.8 |      12 |       3 |  20.0
       D:10 |    2094 |    4809 |  69.7 |      26 |       6 |  18.8
       D:11 |    3198 |       0 |   0.0 |      10 |       0 |   0.0
       D:12 |    4688 |    1467 |  23.8 |      30 |       6 |  16.7
       D:13 |    3830 |    5699 |  59.8 |      13 |      10 |  43.5
       D:14 |    7447 |    1060 |  12.5 |      13 |       3 |  18.8
       D:15 |   23892 |    4222 |  15.0 |      43 |       6 |  12.2
     Lair:1 |   10259 |    2695 |  20.8 |      42 |      29 |  40.8
     Lair:2 |    5288 |    4134 |  43.9 |      23 |      17 |  42.5
     Lair:3 |    6838 |     201 |   2.9 |      29 |       1 |   3.3
     Lair:4 |   12312 |       0 |   0.0 |      35 |       0 |   0.0
     Lair:5 |   12171 |   11911 |  49.5 |      41 |      32 |  43.8
   Shoals:1 |    7410 |       0 |   0.0 |      14 |       0 |   0.0
   Spider:1 |   13729 |    1922 |  12.3 |      44 |       6 |  12.0
   Spider:2 |   17512 |    2347 |  11.8 |      46 |       1 |   2.1
   Spider:3 |   14089 |       0 |   0.0 |      31 |       0 |   0.0
      Orc:1 |    1237 |       0 |   0.0 |      26 |       0 |   0.0
      Orc:2 |    1506 |    8636 |  85.2 |      20 |      27 |  57.4
    Ossuary |       0 |     152 | 100.0 |       0 |      16 | 100.0
            +---------+---------+-------+---------+---------+-------
